[Event "Early-Titled-Tuesday-Blitz-October-17-2023"]
[Site "Chess.com"]
[Date "2023.10.17"]
[Round "2"]
[White "ArmanGhevondyanchess"]
[Black "ozates"]
[Result "0-1"]
[WhiteElo "2548"]
[BlackElo "2754"]
[TimeControl "180+1"]
[EndTime "8:15:26 PDT"]
[Termination "ozates won by resignation"]

1. Nf3 c5 2. g3 Nc6 3. Bg2 e5 4. d3 g6 5. O-O Bg7 6. c4 Nge7 7. Nc3 O-O 8. Rb1 d6 9. Bd2 a5 10. a3 h6 11. Nd5 Nxd5 12. cxd5 Ne7 13. e4 b5 14. b4 cxb4 15. axb4 a4 16. Qc1 Kh7 17.
h4 f5 18. h5 g5 19. Bxg5 hxg5 20. Nxg5+ Kg8 21. Ne6 Bxe6 22. dxe6 f4 23. d4 Rc8 24. Qd2 Nc6 25. Qa2 Qe7 26. d5 Nd4 27. Rbc1 f3 28. Bh3 Ne2+ 29. Kh2 Rxc1 30. Rxc1 Nxc1 31. Qc2 Ne2 32.
Qc6 Qa7 0-1

[Event "Early-Titled-Tuesday-Blitz-October-17-2023"]
[Site "Chess.com"]
[Date "2023.10.17"]
[Round "2"]
[White "novocane"]
[Black "wannabe2700"]
[Result "1/2-1/2"]
[WhiteElo "2393"]
[BlackElo "2639"]
[TimeControl "180+1"]
[EndTime "8:15:39 PDT"]
[Termination "Game drawn by repetition"]

1. d4 f5 2. Bg5 h6 3. Bh4 g5 4. e4 Bg7 5. Bg3 fxe4 6. h4 Nf6 7.
hxg5 hxg5 8. Rxh8+ Bxh8 9. Be2 c5 10. Bh5+ Kf8 11. dxc5 Nxh5 12. Qxh5 Bxb2 13. c3 Qe8 14.
Qh8+ Kf7 15. Qh7+ Kf8 16. Qh8+ Kf7 17. Qh7+ Kf8 18. Qh8+ 1/2-1/2

[Event "Early-Titled-Tuesday-Blitz-October-17-2023"]
[Site "Chess.com"]
[Date "2023.10.17"]
[Round "2"]
[White "Egor_Koshulyan"]
[Black "Zorbos"]
[Result "1-0"]
[WhiteElo "2720"]
[BlackElo "2528"]
[TimeControl "180+1"]
[EndTime "8:15:42 PDT"]
[Termination "Egor_Koshulyan won by checkmate"]

1. e4 c5 2. Nf3 d6 3. d4 cxd4 4.
Qxd4 a6 5. Be3 Nc6 6. Qb6 Qxb6 7.
Bxb6 Nf6 8. Nc3 Nd7 9. Be3 g6 10. Nd5 Kd8 11. Ng5 Nde5 12. f4 h6 13. fxe5 hxg5 14. exd6 exd6 15. Bxg5+ Be7 16. Nxe7 Nxe7 17. O-O-O Kd7 18. e5 d5 19. c4 Ke6 20. cxd5+ Kd7 21. e6+ Ke8 22. d6 Bxe6 23. dxe7 Bf5 24. Rd8+ Rxd8 25.
exd8=Q# 1-0

[Event "Early-Titled-Tuesday-Blitz-October-17-2023"]
[Site "Chess.com"]
[Date "2023.10.17"]
[Round "2"]
[White "Arystanner"]
[Black "Balla_Tamas"]
[Result "1-0"]
[WhiteElo "2791"]
[BlackElo "2400"]
[TimeControl "180+1"]
[EndTime "8:15:50 PDT"]
[Termination "Arystanner won by resignation"]

1. e4 c5 2. Nf3 Nc6 3. Bc4 e6 4. O-O a6 5. d4 cxd4 6. Nxd4 Bc5 7. Be3 Ba7 8. Nxc6 bxc6 9. Bxa7 Rxa7 10. Qd4 Ra8 11.
Qxg7 Qf6 12. Qxf6 Nxf6 13. Nd2 d5 14. Bd3 a5 15. Rfe1 O-O 16. b3 Ba6 17. Bxa6 Rxa6 18. a4 c5 19. exd5 exd5 20. f3 Rc8 21. Rab1 Rac6 22. Kf2 c4 23. bxc4 dxc4 24. Rb5 Rc5 25. Re5 Rxe5 26. Rxe5 c3 27. Nb3 Rd8 28. Rxa5 Nd5 29.
Rc5 Kf8 30. a5 Ke7 31. h4 Kd6 32. Rc4 h5 33. g4 hxg4 34. fxg4 Rh8 35. Kg3 Re8 36. h5 Re2 37. Nd4 Re3+ 38. Kh4 Re4 39. Nf5+ Ke5 40. Rxe4+ Kxe4 41. a6 1-0

[Event "Early-Titled-Tuesday-Blitz-October-17-2023"]
[Site "Chess.com"]
[Date "2023.10.17"]
[Round "2"]
[White "betta2004"]
[Black "itsdsyr"]
[Result "0-1"]
[WhiteElo "2494"]
[BlackElo "2295"]
[TimeControl "180+1"]
[EndTime "8:15:55 PDT"]
[Termination "itsdsyr won by resignation"]

1. e4 e5 2. Nf3 Nc6 3. c3 Nf6 4. d4 d5 5. dxe5 Nxe4 6. Bb5 Bc5 7. O-O O-O 8. Nbd2 Bg4 9. h3 Nxd2 10. Bxd2 Bxf3 11.
Qxf3 Nxe5 12. Qg3 Ng6 13. Rad1 c6 14. Be2 Bd6 15. Qg4 Qf6 16. Bd3 Rae8 17. Qh5 h6 18. Rde1 Bf4 19. Rxe8 Rxe8 20. Bxg6 fxg6 21. Qd1 Bc7 22. Be3 Qd6 23. Re1 Qh2+ 24. Kf1 Qh1+ 25. Ke2 Qxg2 26. Qd4 Bb6 0-1

[Event "Early-Titled-Tuesday-Blitz-October-17-2023"]
[Site "Chess.com"]
[Date "2023.10.17"]
[Round "2"]
[White "GregLeBarbare"]
[Black "Manukyan_Artak"]
[Result "0-1"]
[WhiteElo "2204"]
[BlackElo "2474"]
[TimeControl "180+1"]
[EndTime "8:15:58 PDT"]
[Termination "Manukyan_Artak won by resignation"]

1. d4 Nf6 2. Nf3 d5 3. Bf4 Bf5 4. e3 e6 5. Bd3 Ne4 6. O-O Bd6 7.
c3 Bxf4 8. exf4 Nd7 9. Qc2 O-O 10. Ne5 Nxe5 11. fxe5 Bg6 12. f3 Ng5 13. h4 Nxf3+ 14. Rxf3 Qxh4 15. Nd2 c5 16. Rh3 Qg5 17. Nf3 Qe3+ 0-1

[Event "Early-Titled-Tuesday-Blitz-October-17-2023"]
[Site "Chess.com"]
[Date "2023.10.17"]
[Round "2"]
[White "DenisQ"]
[Black "KatakuriDono"]
[Result "1-0"]
[WhiteElo "2647"]
[BlackElo "2374"]
[TimeControl "180+1"]
[EndTime "8:16:01 PDT"]
[Termination "DenisQ won by resignation"]

1. Nf3 d5 2. c4 d4 3. g3 g6 4. Bg2 Bg7 5. O-O e5 6. e3 c5 7. exd4 exd4 8. Re1+ Ne7 9. d3 O-O 10. b4 cxb4 11. a3 b3 12. Nbd2 Nbc6 13. Nxb3 h6 14.
a4 Bf5 15. Ba3 Re8 16. Nc5 b6 17. Ne4 Bxe4 18. Rxe4 Rc8 19. Qe2 Nf5 20. Re1 Rxe4 21. Qxe4 Qf6 22. Bh3 Nd6 23. Bxd6 1-0

[Event "Early-Titled-Tuesday-Blitz-October-17-2023"]
[Site "Chess.com"]
[Date "2023.10.17"]
[Round "2"]
[White "Emeraldddd"]
[Black "jasonbolivar"]
[Result "1-0"]
[WhiteElo "2538"]
[BlackElo "2330"]
[TimeControl "180+1"]
[EndTime "8:16:06 PDT"]
[Termination "Emeraldddd won by resignation"]

1. e4 c5 2. Nf3 d6 3. Bb5+ Bd7 4. Bxd7+ Qxd7 5. O-O Nc6 6. c3 Nf6 7. d4 cxd4 8. cxd4 Nxe4 9. d5 Nb8 10. Re1 Nf6 11. Bg5 Qd8 12. Nc3 Nbd7 13. Qa4 a6 14. Bxf6 gxf6 15. Nd4 Bg7 16. Nf5 O-O 17. Qg4 1-0

[Event "Early-Titled-Tuesday-Blitz-October-17-2023"]
[Site "Chess.com"]
[Date "2023.10.17"]
[Round "2"]
[White "MKlose11"]
[Black "diamonds13"]
[Result "1-0"]
[WhiteElo "2640"]
[BlackElo "2295"]
[TimeControl "180+1"]
[EndTime "8:16:08 PDT"]
[Termination "MKlose11 won by resignation"]

1. e4 c5 2. Nc3 Nc6 3. g3 g6 4. d3 Bg7 5. Bg2 d6 6. Be3 Nd4 7. Qd2 e6 8. Nd1 Ne7 9. c3 Ndc6 10. Bh6 O-O 11. h4 f5 12. h5 Rf7 13. hxg6 hxg6 14.
Bxg7 Rxg7 15. Nf3 Ne5 16. Ne3 N7c6 17. O-O-O Nf7 18. exf5 gxf5 19. d4 cxd4 20. Nxd4 Nxd4 21. Qxd4 Qa5 22. Kb1 e5 23. Qd3 Be6 24. Bd5 e4 25. Qd4 Re8 26. Qf6 Bxd5 27. Rxd5 Qd8 28. Qxf5 Re5 29. Rxe5 Nxe5 30. Qe6+ Nf7 31. Nf5 Rg5 32. Nh6+ 1-0

[Event "Early-Titled-Tuesday-Blitz-October-17-2023"]
[Site "Chess.com"]
[Date "2023.10.17"]
[Round "2"]
[White "Krakozia"]
[Black "emeli_chess"]
[Result "1-0"]
[WhiteElo "3008"]
[BlackElo "2404"]
[TimeControl "180+1"]
[EndTime "8:16:15 PDT"]
[Termination "Krakozia won by resignation"]

1. e4 e5 2. Nf3 Nc6 3. g3 d5 4.
exd5 Qxd5 5. Nc3 Qd8 6. Bg2 Bc5 7. O-O Nf6 8. d3 h6 9. Be3 Bb4 10. d4 exd4 11. Nxd4 Nxd4 12. Qxd4 Qxd4 13. Bxd4 O-O 14. Nb5 Ba5 15. b4 Bxb4 16. Nxc7 Rb8 17. Bxa7 Bf5 18. Bxb8 Rxb8 19. Rab1 Ba5 20. Rb5 Bxc7 21. Rxf5 b6 22. a4 Bd6 23. Rb5 Nd7 24. Rd1 1-0

[Event "Early-Titled-Tuesday-Blitz-October-17-2023"]
[Site "Chess.com"]
[Date "2023.10.17"]
[Round "2"]
[White "MightyGMpretender"]
[Black "LeoLV10"]
[Result "1-0"]
[WhiteElo "2825"]
[BlackElo "2573"]
[TimeControl "180+1"]
[EndTime "8:16:16 PDT"]
[Termination "MightyGMpretender won by checkmate"]

1. d4 Nf6 2. c4 e6 3. Nc3 Bb4 4. e3 b6 5. Bd3 Bb7 6. Nf3 Ne4 7. Qc2 f5 8. O-O Nxc3 9. bxc3 Be7 10. e4 f4 11.
Bxf4 O-O 12. Bg3 c5 13. d5 d6 14. dxe6 Nc6 15. e5 dxe5 16. Bxh7+ Kh8 17. Be4 Bf6 18. Rad1 Qc8 19. Rd7 Rb8 20. Bd5 Rd8 21. Qg6 Rxd7 22.
exd7 Qxd7 23. Qh5# 1-0

[Event "Early-Titled-Tuesday-Blitz-October-17-2023"]
[Site "Chess.com"]
[Date "2023.10.17"]
[Round "2"]
[White "Maxfan2008"]
[Black "Aleksandar-Topalov"]
[Result "1-0"]
[WhiteElo "2550"]
[BlackElo "2336"]
[TimeControl "180+1"]
[EndTime "8:16:17 PDT"]
[Termination "Maxfan2008 won by resignation"]

1. d4 Nf6 2. c4 c5 3. d5 d6 4. Nc3 g6 5. e4 Bg7 6. Bd3 O-O 7. h3 e6 8. Nf3 exd5 9. cxd5 c4 10.
Bc2 b5 11. Nxb5 Nxe4 12. Bxe4 Re8 13. Ng5 Qa5+ 14. Nc3 h6 15. Ne6 fxe6 16. O-O e5 17. Bxg6 Rf8 18. Qh5 1-0

[Event "Early-Titled-Tuesday-Blitz-October-17-2023"]
[Site "Chess.com"]
[Date "2023.10.17"]
[Round "2"]
[White "beccrajoy"]
[Black "UK_23"]
[Result "0-1"]
[WhiteElo "1981"]
[BlackElo "2419"]
[TimeControl "180+1"]
[EndTime "8:16:19 PDT"]
[Termination "UK_23 won by checkmate"]

1. e4 e5 2. Nf3 Nc6 3. Bb5 a6 4. Ba4 Nf6 5. Qe2 b5 6. Bb3 Bc5 7. d3 O-O 8. Bg5 h6 9. Bh4 Be7 10. c3 d6 11. O-O Nh5 12. Bxe7 Qxe7 13. Nbd2 Nf4 14. Qe3 Na5 15. Bc2 c5 16. a4 Bd7 17.
axb5 axb5 18. Nb3 Nc6 19. Rfe1 b4 20. Nbd2 bxc3 21. bxc3 Rxa1 22. Rxa1 Rb8 23. Nc4 Be6 24. Nfd2 Qg5 25. Ra6 Qxg2# 0-1

[Event "Early-Titled-Tuesday-Blitz-October-17-2023"]
[Site "Chess.com"]
[Date "2023.10.17"]
[Round "2"]
[White "dodoucb"]
[Black "Resignify"]
[Result "0-1"]
[WhiteElo "2537"]
[BlackElo "2354"]
[TimeControl "180+1"]
[EndTime "8:16:20 PDT"]
[Termination "Resignify won by resignation"]

1. d4 Nf6 2. Nf3 g6 3. c4 Bg7 4.
Nc3 d6 5. e4 O-O 6. Be2 e5 7.
O-O Nbd7 8. Be3 c6 9. h3 Re8 10. dxe5 dxe5 11. Qc2 Qe7 12. Rfd1 a5 13. a3 h6 14. Ne1 Nc5 15. b4 axb4 16. axb4 Rxa1 17. Rxa1 Ne6 18. Nf3 Qxb4 19. Ra8 Nd7 20. Qd3 Ndc5 21. Qc2 Nd4 22. Qc1 Qxc3 0-1

[Event "Early-Titled-Tuesday-Blitz-October-17-2023"]
[Site "Chess.com"]
[Date "2023.10.17"]
[Round "2"]
[White "JoliyRoger"]
[Black "Boxerandchessplayer"]
[Result "1-0"]
[WhiteElo "2460"]
[BlackElo "2202"]
[TimeControl "180+1"]
[EndTime "8:16:20 PDT"]
[Termination "JoliyRoger won by checkmate"]

1. Nf3 d5 2. c4 e6 3. e3 Nf6 4.
b3 a6 5. Bb2 Be7 6. d4 O-O 7.
Nbd2 dxc4 8. bxc4 b6 9. Bd3 Bb7 10. O-O c5 11. Qc2 Nc6 12. a3 Rc8 13. Ne5 h6 14. f4 cxd4 15. exd4 Nxd4 16. Qb1 Bc5 17. Kh1 Nc6 18. Ndf3 Nxe5 19. Nxe5 Qe7 20. f5 Nd7 21. Ng4 exf5 22. Bxf5 Rcd8 23. Nxh6+ gxh6 24. Bh7# 1-0

[Event "Early-Titled-Tuesday-Blitz-October-17-2023"]
[Site "Chess.com"]
[Date "2023.10.17"]
[Round "2"]
[White "Macron20hTF1"]
[Black "Irina_Mikhaylova"]
[Result "1-0"]
[WhiteElo "2595"]
[BlackElo "2304"]
[TimeControl "180+1"]
[EndTime "8:16:24 PDT"]
[Termination "Macron20hTF1 won by resignation"]

1. Nf3 Nf6 2. c4 g6 3. Nc3 d5 4. cxd5 Nxd5 5. e4 Nxc3 6. dxc3 Qxd1+ 7. Kxd1 f6 8. h4 h5 9. Bf4 e5 10. Be3 Be6 11. Nd2 Nd7 12. Kc2 Bc5 13. Re1 Ke7 14. a4 a5 15. Bc4 Bxe3 16. Rxe3 Nb6 17. Bxe6 Kxe6 18. Rg3 Kf7 19. b3 Rad8 20. Rf1 Ke6 21. Rxg6 Rdg8 22. Rxg8 Rxg8 23. g3 Nd7 24. Nc4 b6 25.
Ne3 Nc5 26. Nd5 c6 27. Nxb6 Nxe4 28. Nc4 Ra8 29. Rd1 Nxf2 30. Rd6+ Kf5 31. Rxc6 Ne4 32. Ne3+ Kg6 33. Nd5 Rf8 34. b4 Nxg3 35. bxa5 e4 36. a6 Re8 37. Nxf6 Ra8 38. Nxe4+ 1-0

[Event "Early-Titled-Tuesday-Blitz-October-17-2023"]
[Site "Chess.com"]
[Date "2023.10.17"]
[Round "2"]
[White "GeorgiosSouleidis"]
[Black "kingapolak"]
[Result "1-0"]
[WhiteElo "2634"]
[BlackElo "2147"]
[TimeControl "180+1"]
[EndTime "8:16:25 PDT"]
[Termination "GeorgiosSouleidis won by resignation"]

1. e4 c5 2. Be2 Nc6 3. d3 g6 4. f4 Bg7 5. Nf3 d6 6. O-O e6 7. c3 Nge7 8. Be3 h5 9. d4 cxd4 10. cxd4 d5 11. e5 Nf5 12. Bf2 Qb6 13. Qd2 Bd7 14.
Nc3 a6 15. Rac1 O-O 16. Na4 Qd8 17. Nc5 f6 18. Nxb7 Qb8 19. Nc5 Qa7 20. exf6 Bxf6 21. Ne5 Nxe5 22. dxe5 Bg7 23. Nxe6 Qb7 24. Rc7 1-0

[Event "Early-Titled-Tuesday-Blitz-October-17-2023"]
[Site "Chess.com"]
[Date "2023.10.17"]
[Round "2"]
[White "BasilSmash"]
[Black "Ariadna_Atreides"]
[Result "1-0"]
[WhiteElo "2482"]
[BlackElo "2187"]
[TimeControl "180+1"]
[EndTime "8:16:26 PDT"]
[Termination "BasilSmash won by resignation"]

1. e4 c6 2. d4 d5 3. Nd2 dxe4 4. Nxe4 Nf6 5. Nxf6+ exf6 6. Be3 Bd6 7. Bd3 O-O 8. Ne2 Re8 9. O-O Nd7 10. c4 Nf8 11.
Qc2 h5 12. Rfe1 g6 13. Rad1 Kg7 14. Nc3 f5 15. c5 Bc7 16. d5 cxd5 17. Bc4 Ne6 18.
Nxd5 f4 19. Qc3+ Kh6 20. Nxf4 Qxd1 21. Nxe6+ 1-0

[Event "Early-Titled-Tuesday-Blitz-October-17-2023"]
[Site "Chess.com"]
[Date "2023.10.17"]
[Round "2"]
[White "atbenina64"]
[Black "Happy1712Drummer"]
[Result "1-0"]
[WhiteElo "2714"]
[BlackElo "2383"]
[TimeControl "180+1"]
[EndTime "8:16:30 PDT"]
[Termination "atbenina64 won by resignation"]

1. Nf3 c5 2. c4 Nc6 3. Nc3 g6 4. e3 e5 5. d4 exd4 6. exd4 cxd4 7.
Nxd4 Bg7 8. Ndb5 Be5 9. Ne4 Qe7 10. Be2 a6 11. Nbd6+ Bxd6 12. Nxd6+ Kf8 13. O-O h6 14.
Re1 Qf6 15. Bd2 Rh7 16. Bc3 Qg5 17. Bf3 Nge7 18. Ne4 Qf5 19. Nf6 Rg7 20. Qd6 1-0

[Event "Early-Titled-Tuesday-Blitz-October-17-2023"]
[Site "Chess.com"]
[Date "2023.10.17"]
[Round "2"]
[White "kritipatel"]
[Black "Actuary44"]
[Result "0-1"]
[WhiteElo "2114"]
[BlackElo "2532"]
[TimeControl "180+1"]
[EndTime "8:16:36 PDT"]
[Termination "Actuary44 won by resignation"]

1. d4 Nf6 2. c4 g6 3. Nc3 Bg7 4.
Nf3 d6 5. e4 O-O 6. Bd3 e5 7.
dxe5 dxe5 8. Nxe5 Nxe4 9. Nxe4 Bxe5 10. O-O Nc6 11. Bg5 Qd4 12. Qf3 Bf5 13. Rfe1 Bg7 14. Rab1 Ne5 15. Qe3 Qxe3 16. Rxe3 Nxd3 17. Rxd3 Bxe4 0-1

[Event "Early-Titled-Tuesday-Blitz-October-17-2023"]
[Site "Chess.com"]
[Date "2023.10.17"]
[Round "2"]
[White "Sekar24"]
[Black "LuisFSiles"]
[Result "1-0"]
[WhiteElo "2530"]
[BlackElo "2320"]
[TimeControl "180+1"]
[EndTime "8:16:42 PDT"]
[Termination "Sekar24 won by resignation"]

1. e4 c5 2. Nf3 Nc6 3. d4 cxd4 4. Nxd4 Nf6 5. Nc3 e5 6. Ndb5 d6 7. Nd5 Nxd5 8. exd5 Nb8 9. c4 Be7 10. Be2 O-O 11. O-O a6 12. Nc3 f5 13. f4 exf4 14. Bxf4 Bg5 15. Qd2 Bxf4 16. Qxf4 Qf6 17. Bd3 Nd7 18. Bxf5 Ne5 19. Be6+ Bxe6 20. Qxf6 Rxf6 21.
Rxf6 gxf6 22. dxe6 Nxc4 23. Nd5 Kg7 24. Rc1 b5 25. b3 Ne5 26. Nc7 Rc8 27. e7 Kf7 28. e8=Q+ Rxe8 29. Nxe8 Kxe8 30. Rc7 h5 31. Ra7 1-0

[Event "Early-Titled-Tuesday-Blitz-October-17-2023"]
[Site "Chess.com"]
[Date "2023.10.17"]
[Round "2"]
[White "Alphafischer2019"]
[Black "seopie"]
[Result "1-0"]
[WhiteElo "2599"]
[BlackElo "2843"]
[TimeControl "180+1"]
[EndTime "8:16:44 PDT"]
[Termination "Alphafischer2019 won by resignation"]

1. e4 h6 2. d4 e6 3. Nc3 d5 4.
Nf3 Nf6 5. exd5 Nxd5 6. Nxd5 Qxd5 7. Bd3 b6 8. O-O Bb7 9. Re1 Be7 10. Be4 Qxe4 11.
Rxe4 Bxe4 12. Qe2 Bb7 13. Bf4 c6 14. Ne5 O-O 15. Qg4 Kh7 16. Re1 Na6 17. Re3 Rad8 18. Rg3 g5 19. Be3 c5 20. c3 cxd4 21. Bxd4 Bf6 22.
h3 Nc5 23. Re3 Bg7 24. h4 gxh4 25. Qxh4 Rd5 26. Ng4 f6 27. Bxf6 1-0

[Event "Early-Titled-Tuesday-Blitz-October-17-2023"]
[Site "Chess.com"]
[Date "2023.10.17"]
[Round "2"]
[White "CuattroPrincesses"]
[Black "chrisclaireredfield"]
[Result "0-1"]
[WhiteElo "2283"]
[BlackElo "2515"]
[TimeControl "180+1"]
[EndTime "8:16:45 PDT"]
[Termination "chrisclaireredfield won by resignation"]

1. e4 e5 2. Nf3 Nf6 3. Nxe5 d6 4. Nf3 Nxe4 5. Nc3 Nxc3 6. dxc3 Be7 7. Be3 O-O 8. Qd2 Nd7 9. Bc4 Nf6 10. O-O-O c6 11.
Rhe1 d5 12. Bd3 Bg4 13. Be2 Ne4 14. Qd3 Bf5 15. Qd4 Bc5 16. Qe5 Bxe3+ 17. fxe3 Bg6 18. Bd3 Re8 19. Qf4 Qe7 20. g4 a5 21. h4 h6 22.
Nd4 Qxh4 23. Nf5 Qg5 24. Bxe4 Rxe4 0-1

[Event "Early-Titled-Tuesday-Blitz-October-17-2023"]
[Site "Chess.com"]
[Date "2023.10.17"]
[Round "2"]
[White "Mourinho_Jose"]
[Black "Heinza9"]
[Result "1-0"]
[WhiteElo "2517"]
[BlackElo "2294"]
[TimeControl "180+1"]
[EndTime "8:16:53 PDT"]
[Termination "Mourinho_Jose won by resignation"]

1. Nf3 f5 2. g3 Nf6 3. Bg2 g6 4. O-O Bg7 5. c4 O-O 6. Nc3 d6 7. d4 Qe8 8. b3 c6 9. Ba3 a5 10. d5 b5 11. cxb5 cxb5 12. Bb2 b4 13. Na4 Bb7 14. Ng5 Na6 15. Ne6 Rf7 16. Rc1 Rc8 17. Qd4 Nc5 18. Naxc5 dxc5 19. Rxc5 Rxc5 20. Qxc5 Nd7 21.
Nxg7 Rxg7 22. Qc7 Ba6 23. Bxg7 Kxg7 24. Qxa5 Bxe2 25. Re1 Bd3 26. Qxb4 1-0

[Event "Early-Titled-Tuesday-Blitz-October-17-2023"]
[Site "Chess.com"]
[Date "2023.10.17"]
[Round "2"]
[White "sokidze"]
[Black "ajgreen"]
[Result "1-0"]
[WhiteElo "2777"]
[BlackElo "2387"]
[TimeControl "180+1"]
[EndTime "8:16:58 PDT"]
[Termination "sokidze won by resignation"]

1. e4 c5 2. Nf3 e6 3. d4 cxd4 4.
Nxd4 Nc6 5. Nc3 Nf6 6. Nxc6 bxc6 7. e5 Nd5 8. Ne4 Qc7 9. f4 Rb8 10. c4 Bb4+ 11. Ke2 O-O 12. a3 Be7 13. cxd5 cxd5 14. Nd6 f6 15. Ke1 fxe5 16. fxe5 Qc5 17. Qd2 d4 18. Nxc8 Rbxc8 19. Bd3 Qxe5+ 20. Qe2 Bh4+ 21. g3 Bxg3+ 22. hxg3 Qxg3+ 23. Kd1 Rf3 24. Bxh7+ Kf7 25. Be4 Rf2 26. Rf1 1-0

[Event "Early-Titled-Tuesday-Blitz-October-17-2023"]
[Site "Chess.com"]
[Date "2023.10.17"]
[Round "2"]
[White "Laico"]
[Black "MikeSailer"]
[Result "1-0"]
[WhiteElo "2425"]
[BlackElo "2081"]
[TimeControl "180+1"]
[EndTime "8:17:02 PDT"]
[Termination "Laico won by resignation"]

1. e4 d5 2. exd5 Qxd5 3. Nc3 Qd6 4. d4 c6 5. Nf3 Bg4 6. Bc4 Nf6 7. Be3 e6 8. h3 Bxf3 9. Qxf3 Nbd7 10. O-O-O Qc7 11. g4 h6 12. h4 Nd5 13. Bxd5 exd5 14. Bf4 Bd6 15.
Rde1+ Kd8 16. Bxd6 Qxd6 17. Qxf7 Rf8 18. Qxg7 Rxf2 19.
Nd1 Qf4+ 20. Kb1 Rf3 21. Re7 Nb6 22. Rxb7 1-0

[Event "Early-Titled-Tuesday-Blitz-October-17-2023"]
[Site "Chess.com"]
[Date "2023.10.17"]
[Round "2"]
[White "chessfatbear"]
[Black "DrCeltic"]
[Result "1/2-1/2"]
[WhiteElo "2798"]
[BlackElo "2569"]
[TimeControl "180+1"]
[EndTime "8:17:08 PDT"]
[Termination "Game drawn by agreement"]

1. e4 c5 2. Nf3 e6 3. c3 Nf6 4. e5 Nd5 5. d4 cxd4 6. cxd4 b6 7. a3 Be7 8. Bd3 Ba6 9. O-O Bxd3 10. Qxd3 O-O 11. Bd2 d6 12. Nc3 Nxc3 13. Qxc3 Nd7 14. Rac1 Rc8 15. Qe3 dxe5 16. dxe5 Bc5 17. Qe4 Be7 18. Qg4 Kh8 19. h4 Nc5 20. Bg5 h6 21. Rfd1 Qe8 22. b4 hxg5 23. bxc5 gxh4 24. c6 Rxc6 25. Nxh4 1/2-1/2

[Event "Early-Titled-Tuesday-Blitz-October-17-2023"]
[Site "Chess.com"]
[Date "2023.10.17"]
[Round "2"]
[White "jup1978"]
[Black "Eagle_2019"]
[Result "1/2-1/2"]
[WhiteElo "2554"]
[BlackElo "2732"]
[TimeControl "180+1"]
[EndTime "8:17:11 PDT"]
[Termination "Game drawn by repetition"]

1. e4 e6 2. d4 d5 3. Nd2 dxe4 4. Nxe4 Nd7 5. Nf3 Ngf6 6. Nxf6+ Nxf6 7. c3 c5 8. Ne5 a6 9. Qa4+ Nd7 10. Be3 Qc7 11. Bb5 cxd4 12. Bxd7+ Bxd7 13. Nxd7 Qxd7 14. Qxd7+ Kxd7 15. Bxd4 f6 16. O-O-O Kc6 17. a4 e5 18. Be3 Bd6 19. Kc2 b5 20. axb5+ axb5 21. Ra1 f5 22. f3 Rhe8 23. h3 Bc7 24. Rhd1 Rxa1 25. Rxa1 e4 26. fxe4 Rxe4 27. Kd3 Re8 28. Ra6+ Kb7 29. Ra7+ Kb8 30. Ra1 Kb7 31. Ra7+ Kb8 32. Ra1 Kb7 33. Ra7+ 1/2-1/2

[Event "Early-Titled-Tuesday-Blitz-October-17-2023"]
[Site "Chess.com"]
[Date "2023.10.17"]
[Round "2"]
[White "crazy_m_attack"]
[Black "LUISMIGUELOV"]
[Result "1-0"]
[WhiteElo "2445"]
[BlackElo "2140"]
[TimeControl "180+1"]
[EndTime "8:17:11 PDT"]
[Termination "crazy_m_attack won by resignation"]

1. e4 c6 2. d4 d5 3. Nc3 dxe4 4.
Nxe4 Bf5 5. Ng3 Bg6 6. h4 h6 7.
Nf3 Nd7 8. h5 Bh7 9. Bd3 Bxd3 10. Qxd3 e6 11. Bd2 Ngf6 12. O-O-O Be7 13. Ne4 Nxe4 14.
Qxe4 Qb6 15. Ne5 Nxe5 16. dxe5 O-O-O 17. Be3 Qa5 18. Kb1 Rd5 19. Rxd5 cxd5 20. Qg4 Rg8 21. Rd1 Qb5 22. Rd3 Kb8 23. a3 Bg5 24. Bxg5 hxg5 25.
Qxg5 a6 26. Qe7 Qe8 27. Qd6+ Ka8 28. Rb3 Qc8 29. Qe7 Rf8 30. Rxb7 Qxb7 31. Qxf8+ Ka7 32. Qxg7 d4 33. h6 Qb5 34. Qxf7+ Ka8 35. Qxe6 d3 36. cxd3 Qxd3+ 37. Ka2 Qc2 38. Qg8+ Ka7 39. h7 1-0

[Event "Early-Titled-Tuesday-Blitz-October-17-2023"]
[Site "Chess.com"]
[Date "2023.10.17"]
[Round "2"]
[White "Bilan_Danila"]
[Black "js20000"]
[Result "0-1"]
[WhiteElo "2599"]
[BlackElo "2878"]
[TimeControl "180+1"]
[EndTime "8:17:12 PDT"]
[Termination "js20000 won by resignation"]

1. d4 e6 2. Nf3 c5 3. e3 b6 4. Nbd2 Bb7 5. Bd3 Nf6 6. O-O Nc6 7. a3 d5 8. b3 Bd6 9. Bb2 cxd4 10. exd4 O-O 11. Ne5 Ne7 12. Re1 Nf5 13. Qf3 Qc8 14.
g4 Nh4 15. Qh3 Ng6 16. Nxg6 hxg6 17. Nf3 Ba6 18. Rac1 Bxd3 19. cxd3 Qd8 20. Ne5 Rc8 21. f4 Qe7 22. b4 Qb7 23. g5 Nh5 24. Qf3 Rxc1 25.
Rxc1 Rc8 26. Kf2 Kh7 27. Rc7 Rxc7 0-1

[Event "Early-Titled-Tuesday-Blitz-October-17-2023"]
[Site "Chess.com"]
[Date "2023.10.17"]
[Round "2"]
[White "lamomiajunior"]
[Black "ViktoriyaTarasova"]
[Result "1-0"]
[WhiteElo "2730"]
[BlackElo "2384"]
[TimeControl "180+1"]
[EndTime "8:17:13 PDT"]
[Termination "lamomiajunior won on time"]

1. d4 Nf6 2. c4 e6 3. Nc3 Bb4 4. e3 O-O 5. Bd2 d5 6. Nf3 b6 7.
cxd5 exd5 8. Rc1 a6 9. Bd3 Bd6 10. Ne5 c5 11. O-O Bb7 12. f4 Ne4 13. Ne2 f6 14.
Nf3 Nd7 15. Ng3 Nxg3 16. hxg3 f5 17. Ne5 g6 18. g4 Bxe5 19. fxe5 Qg5 20. gxf5 gxf5 21.
Qe2 Qg4 22. Rxf5 1-0

[Event "Early-Titled-Tuesday-Blitz-October-17-2023"]
[Site "Chess.com"]
[Date "2023.10.17"]
[Round "2"]
[White "ChessPromotionAlex"]
[Black "Druid24"]
[Result "0-1"]
[WhiteElo "2504"]
[BlackElo "2731"]
[TimeControl "180+1"]
[EndTime "8:17:14 PDT"]
[Termination "Druid24 won by resignation"]

1. e4 Nf6 2. e5 Nd5 3. d4 d6 4. Nf3 g6 5. Bc4 Nb6 6. Bb3 Bg7 7. a4 a5 8. O-O O-O 9. h3 Nc6 10.
Qe2 dxe5 11. dxe5 Nd4 12. Nxd4 Qxd4 13. Re1 Bf5 14. Nd2 Rad8 15. Nf3 Qd7 16. Bd2 Nd5 17. Rad1 b6 18. Bxa5 Nf4 19. Qe3 Qxd1 20. Rxd1 Rxd1+ 21. Kh2 Nxg2 22. Qe2 Rfd8 23. Bd2 R1xd2 24. Nxd2 Nf4 25.
Qe3 Nd5 26. Qf3 Bxe5+ 27. Kg2 Nf4+ 28. Kg1 Rxd2 29. Qe3 Rd1+ 30. Kh2 Nd3+ 31. Kg2 Ne1+ 0-1

[Event "Early-Titled-Tuesday-Blitz-October-17-2023"]
[Site "Chess.com"]
[Date "2023.10.17"]
[Round "2"]
[White "Airquake"]
[Black "igorkovalenko"]
[Result "1/2-1/2"]
[WhiteElo "2609"]
[BlackElo "2879"]
[TimeControl "180+1"]
[EndTime "8:17:21 PDT"]
[Termination "Game drawn by repetition"]

1. b3 e5 2. Bb2 Nc6 3. g3 d5 4. Bg2 Be6 5. e3 Qd7 6. d4 e4 7. c4 f5 8. cxd5 Bxd5 9. Ne2 Nf6 10. Nbc3 Bf7 11. O-O Bd6 12. f3 exf3 13. Rxf3 Ne7 14.
Qd3 O-O 15. Raf1 c6 16. Bh3 Be6 17. Nf4 Bxf4 18. Rxf4 Nfd5 19. Nxd5 Nxd5 20. Rxf5 Bxf5 21. Bxf5 Rxf5 22. Rxf5 Nxe3 23. Rh5 g6 24. Qxe3 gxh5 25. d5 Qxd5 26. Qc3 Qd1+ 27. Kg2 Qd5+ 28. Kg1 Kf7 29.
Qf6+ Ke8 30. Qh8+ Kd7 31. Qxa8 Qd1+ 32. Kg2 Qe2+ 33. Kh3 Qg4+ 34. Kg2 Qe2+ 35. Kh3 Qxb2 36. Qxb7+ Kd6 37. Qxa7 Qf6 38. Qxh7 Qe6+ 39. Kg2 Qe2+ 40. Kh3 Qg4+ 41. Kg2 Qe2+ 42. Kh3 Qg4+ 43. Kg2 Qe2+ 1/2-1/2